 Dungeon Crawl Stone Soup version 0.24-a0-586-g8e0e932a4c (webtiles) character file.

Game seed: 14853011849292541704, levelgen mode: deterministic

1500424 Htamos the Slayer (level 27, 271/271 HPs)
             Began as a White Draconian Conjurer on Sept 7, 2019.
             Was an Elder of Trog.
             Escaped with the Orb
             ... and 3 runes on Sept 8, 2019!
             The game lasted 10:15:45 (105250 turns).

Htamos the Slayer (White Draconian Conjurer)      Turns: 105250, Time: 10:15:45

Health: 271/271    AC: 20    Str: 22      XL:     27
Magic:  36/36      EV: 18    Int: 10 (13) God:    Trog [****..]
Gold:   4679       SH: 28    Dex: 12      Spells: 30/30 levels left

rFire    + + .     SeeInvis +   a - +9 broad axe (flame)
rCold    + + .     Gourm    .   F - +4 large shield of the Armadillo {-Cast +Fly rElec Str+8}
rNeg     . . .     Faith    +   (armour unavailable)
rPois    .         Spirit   .   q - +1 hat {SInv}
rElec    +         Reflect  .   Q - scarf {rC+ rF+}
rCorr    +         Harm     .   t - +2 pair of gloves of Ukhlulelo {rCorr MP+9 Str-4 Slay+6}
MR       ++...     Rnd*Tele +   I - +2 pair of boots {run} Stlth +.........NoCast +
                                k - amulet of faith
HPRegen  0.55/turn              d - +5 ring of slaying
MPRegen  0.25/turn              Y - ring of protection from fire

@: quick
A: breathe frost, unfitting armour, antennae 1, claws 2, blurry vision 1, clumsy
1, cold resistance 1, deterioration 2, dopey 2, low mp 1, sense surroundings 1,
teleportitis 1, weak 1, no potion heal 1, cold-blooded, subdued magic 2, AC +13
0: Orb of Zot
}: 3/15 runes: barnacled, silver, gossamer
a: Breathe Frost, Berserk, Trog's Hand, Brothers in Arms, Renounce Religion,
Evoke Flight


You escaped.
You worshipped Trog.
Trog was greatly pleased with you.
You were not hungry.

You visited 10 branches of the dungeon, and saw 52 of its levels.
You visited the Abyss 5 times.
You visited 1 bazaar.

You collected 8444 gold pieces.
You spent 3765 gold pieces at shops.

Inventory:

Hand Weapons
 a - a +9 broad axe of flaming (weapon)
 b - a +10 hunting sling of freezing
 h - a +9 antimagic quick blade
 G - a +4 hunting sling of flaming
Missiles
 L - 467 sling bullets
Armour
 j - a scarf of spirit shield
 n - a scarf of cloud immunity
 q - a +1 hat of see invisible (worn)
 t - the +2 pair of gloves of Ukhlulelo (worn) {rCorr MP+9 Str-4 Slay+6}
   (You acquired it on level 1 of the Realm of Zot)

   It affects your strength (-4).
   It affects your accuracy and damage with ranged weapons and melee attacks
   (+6).
   It affects your magic capacity (+9).
   It provides partial protection from all sources of acid and corrosion.
 F - the +4 large shield of the Armadillo (worn) {-Cast +Fly rElec Str+8}
   (You acquired it on level 3 of the Shoals)

   It affects your strength (+8).
   It insulates you from electricity.
   It lets you fly.
   It prevents spellcasting.
 I - a +2 pair of boots of running (worn)
 Q - a scarf of resistance (worn)
Jewellery
 d - a +5 ring of slaying (left hand)
 k - an amulet of faith (around neck)
 C - the ring of Mistrust {rElec rC- rN++ Int+3 Dex-3}
   (You took it off a deep elf archer on level 3 of the Elven Halls)

   [ring of intelligence]

   It affects your intelligence (+3).
   It affects your dexterity (-3).
   It makes you vulnerable to cold.
   It insulates you from electricity.
   It greatly protects you from negative energy.
 M - an uncursed ring of protection from cold
 N - the ring of Ovvoith {+Inv rPois Dex+4 Stlth+}
   (You took it off a deep elf mage on level 3 of the Elven Halls)

   [ring of dexterity]

   It affects your dexterity (+4).
   It protects you from poison.
   It lets you turn invisible.
   It makes you more stealthy.
 S - an uncursed ring of ice
 W - an uncursed ring of positive energy
 X - an uncursed ring of see invisible
 Y - a ring of protection from fire (right hand)
Wands
 e - a wand of paralysis (5)
 g - a wand of disintegration (6)
 i - a wand of enslavement (11)
 l - a wand of digging (7)
 x - a wand of acid (2)
 J - a wand of iceblast (29)
Scrolls
 m - 6 scrolls of immolation
 o - 11 scrolls of fear
 u - a scroll of silence
 v - 5 scrolls of teleportation
 y - a scroll of vulnerability
 z - 3 scrolls of fog
 D - 2 scrolls of identify {@rr}
 K - a scroll of magic mapping
 R - 7 scrolls of remove curse
Potions
 w - 2 potions of flight
 A - 2 potions of curing {@qc}
 B - 5 potions of berserk rage
 H - 6 potions of magic
 P - a potion of haste
 T - a potion of brilliance
Miscellaneous
 r - a lightning rod (4/4)
 s - a lamp of fire
 E - a phial of floods
Comestibles
 f - 41 rations


   Skills:
 + Level 26.7 Fighting
 - Level 8.0 Short Blades
 - Level 17.1(18.0) Axes
   Level 10.0(14.6) Polearms
 * Level 26.5 Slings
 - Level 2.7(18.5) Throwing
 - Level 12.3 Dodging
 - Level 2.0 Stealth
 + Level 22.9 Shields
 - Level 2.3 Spellcasting
   Level 4.2 Conjurations
 - Level 10.3 Evocations


You had 30 spell levels left.
You didn't know any spells.
Your spell library contained the following spells:

 Spells                   Type           Power        Failure   Level  Hunger
 Magic Dart               Conj           #...         4%          1    ##.....
 Searing Ray              Conj           #.....       6%          2    ###....
 Throw Frost              Conj/Ice       #.....       17%         2    ###....
 Summon Small Mammal      Summ           #...         28%         1    ##.....
 Dazzling Spray           Conj/Hex       #.....       34%         3    ####...
 Mephitic Cloud           Conj/Pois/Air  #.......     45%         3    ####...
 Iskenderun's Mystic Bla  Conj           #.......     45%         4    #####..
 Recall                   Summ/Tloc      N/A          67%         3    ####...
 Force Lance              Conj/Tloc      #.......     78%         4    #####..
 Fulminant Prism          Conj/Hex       #.........   78%         4    #####..
 Bolt of Draining         Conj/Necr      #.........   98%         5    ######.
 Conjure Ball Lightning   Conj/Air       #.........   100%        6    #######


Dungeon Overview and Level Annotations

Branches:
Dungeon (15/15)            Temple (0/1) D:7            Lair (6/6) D:10
 Shoals (4/4) Lair:2       Spider (4/4) Lair:4        Slime (0/5) Lair:5
    Orc (2/2) D:12            Elf (3/3) Orc:2        Vaults (5/5) D:14
  Crypt (3/3) Vaults:3       Tomb (0/3) Crypt:3      Depths (5/5) D:15
    Zot (5/5) Depths:5

Altars:
Ashenzari
Cheibriados
Dithmenos
Elyvilon
Gozag
Kikubaaqudgha
Makhleb
Nemelex Xobeh
Okawaru
Qazlal
Sif Muna
Trog
Vehumet
Xom
Yredelemnul
Zin
Beogh
Jiyva

Shops:
D:11 *   Orc:2 (:(*   Elf:1 ?   Shoals:3 [   Vaults:1 [   Vaults:3 (
Depths:1 ?   Depths:2 !   Depths:3 =

Portals:
Hell: Depths:1 Depths:2 Depths:3 Depths:4 Depths:5
Abyss: Depths:3 Depths:4
Pandemonium: Depths:2 Depths:3 Depths:4 Depths:5
Ziggurat: Depths:1
Trove: D:13 (give 7 scrolls of blinking)

Annotations:
D:14 exclusion: downstairs
Orc:1 exclusion: downstairs
Elf:1 exclusion: 2 downstairs
Elf:3 1 exclusion
Vaults:4 exclusion: door
Crypt:1 exclusion: downstairs
Depths:4 Frederick
Depths:5 31 runed doors
Zot:1 2 transporters
Zot:4 exclusion: 2 downstairs


Innate Abilities, Weirdness & Mutations

You can breathe waves of freezing cold.
You can buffet flying creatures when you breathe cold.
Your icy white scales are hard. (AC +13)
You cannot fit into any form of body armour.
Your flesh is cold resistant. (rC+)
You are cold-blooded and may be slowed by cold attacks.
You have a pair of small antennae on your head.
You have very sharp fingernails.
Scrolls take you a little longer to read.
You are clumsy. (Dex -2)
Your body often deteriorates upon taking damage.
You are very dopey. (Int -4)
Your magical capacity is low. (-10% MP)
You passively map a small area around you.
You are occasionally teleported next to monsters.
You are weak. (Str -2)
Potions are less effective at restoring your health.
Your spells are easier to cast, but less powerful.


Message History

Evoke which item? (* to show all) (? for menu, Esc to quit)
Aiming: Dig
Press: ? - help, Shift-Dir - straight line A rock wall.
This square is covered in magical glow.
The rock shatters into small pieces.
There is a stone staircase leading up here.
You climb upwards.
There is a stone staircase leading down here.
There is a stone staircase leading up here.
You climb upwards.
There is a stone staircase leading down here.
Evoke which item? (* to show all) (? for menu, Esc to quit)
Aiming: Dig
Press: ? - help, Shift-Dir - straight line A rock wall.
This square is covered in magical glow.
The rock shatters into small pieces.
There is a staircase leading out of the dungeon here.
You have escaped!

........# #.# #.....# #####.###
#.# #......
#....##########.##########......
##.#.........................#...
.....#####.#####.#####.#####.#..#
##....###...###...###...###.....#
#.....#.....#.....#.....#.......
#......#####.......#####.......#
#.......###....@....###.........
#..#.....#...........#.....#....
#####.....#####.#####.....##....
##.....###...###............
########.....#.....#.....#.##.#..
........#.....#####.....##....#..
.........#.....###.....#.###..#..
.######...#.....#.....##......##.
.# #..............###.####(##.


There were no monsters in sight!

Vanquished Creatures
  A pandemonium lord (Depths:5)
  9 orbs of fire (Zot:5)
  6 ancient liches
  The ghost of Ohee the Politician, a legendary KoGl of Uskayaw (Zot:3)
  10 Killer Klowns
  Nikola (Spider:4)
  A profane servitor (Zot:2)
  11 golden dragons
  4 bone dragons
  2 electric golems (Zot:5)
  Jorgrun (Elf:1)
  15 tentacled monstrosities
  Asterion (Elf:3)
  29 Orb Guardians
  5 liches
  3 titans
  4 quicksilver dragons
  3 ancient champions (Crypt:3)
  An Executioner (Depths:4)
  3 deep elf master archers (Elf:3)
  3 krakens
  15 death cobs
  4 sphinxes
  The ghost of PeterQ the Fighter, an adept GnWn of Okawaru (Elf:1)
  4 tentacled starspawn
  5 draconian monks
  Kirke (Lair:5)
  Roxanne (Elf:3)
  7 shadow dragons
  15 storm dragons
  5 revenants
  Ilsuiw (Shoals:2)
  2 tengu reavers
  7 fire giants
  12 frost giants
  15 deep elf sorcerers
  5 draconian knights
  7 draconian shifters
  3 orc warlords
  Aizul (Spider:4)
  A ghost moth (shapeshifter) (Vaults:4)
  8 draconian scorchers
  A curse skull (Crypt:2)
  13 vault wardens
  3 iron dragons (Depths:3)
  2 balrugs
  8 ghost moths
  5 ghouls
  17 ironheart preservers
  An emperor scorpion (shapeshifter) (Vaults:5)
  26 very ugly things
  9 draconian annihilators
  2 emperor scorpions
  4 draconian stormcallers
  9 deep elf elementalists
  A spriggan defender (Depths:4)
  An entropy weaver (shapeshifter) (Elf:3)
  11 vampire knights
  6 war gargoyles
  24 stone giants
  The ghost of PeterQ the Carver, a journeyman HOFi of Dithmenos (Lair:2)
  11 green draconians
  7 entropy weavers
  15 red draconians
  Nessos (D:13)
  11 black draconians
  5 deep elf annihilators
  6 deep elf demonologists
  7 purple draconians
  11 yellow draconians
  Azrael (Orc:1)
  3 spark wasps
  A crystal guardian (Vaults:4)
  4 merfolk javelineers
  6 eidola
  15 white draconians
  11 ettins
  6 deep elf death magi
  9 great orbs of eyes
  10 merfolk impalers
  19 jiangshi
  2 mummy priests (Crypt:3)
  6 fire dragons
  6 deep elf high priests
  10 rakshasas
  24 yaktaur captains
  24 ogre magi
  6 hydras
  Fannar (D:9)
  3 spriggan air magi
  8 ice dragons
  2 hell beasts
  A quicksilver dragon skeleton (Crypt:1)
  33 vault guards
  A catoblepas (Lair:2)
  4 merfolk avatars
  An alligator snapping turtle (Shoals:1)
  11 deep troll shamans
  2 anacondas
  A merfolk aquamancer (Shoals:4)
  A queen ant (Lair:5)
  3 death knights
  13 centaur warriors
  5 tengu warriors
  45 two-headed ogres
  2 satyrs
  16 dancing weapons
  6 deep troll earth magi
  The ghost of hemabe the Charlatan, a novice HuAr of Trog (D:9)
  7 thrashing horrors
  3 orc high priests (Orc:2)
  9 vampire magi
  2 titan zombies
  21 large abominations
  A soul eater (Crypt:1)
  4 spriggan berserkers
  Urug (D:10)
  19 deep elf knights
  3 spriggans (Depths:5)
  2 sun demons
  30 skeletal warriors
  A storm dragon zombie (Depths:3)
  7 wretched stars
  A fire crab (shapeshifter) (D:15)
  An iron giant zombie (Crypt:3)
  4 shadow wraiths
  A spatial maelstrom (Abyss:1)
  An iron troll (Depths:2)
  3 sixfirhies
  16 hell knights
  5 flayed ghosts
  7 glowing orange brains
  14 sea snakes
  A golden dragon zombie (Crypt:2)
  An anaconda zombie (Abyss:1)
  A kraken simulacrum (Shoals:4)
  27 deep trolls
  4 unseen horrors
  A spark wasp zombie (Depths:3)
  17 deep elf archers
  13 phantasmal warriors
  A swamp dragon (shapeshifter) (Vaults:5)
  11 ironbrand convokers
  The ghost of PeterQ the Cleaver, a novice HOFi of Dithmenos (D:6)
  15 wizards
  12 necromancers
  10 harpies
  50 deep elf magi
  22 orc knights
  A golden dragon skeleton (Crypt:1)
  A wolf spider zombie (D:10)
  2 frost giant zombies (Crypt:1)
  6 orb spiders
  4 orc sorcerers
  A fire giant zombie (Crypt:1)
  44 ugly things
  2 iron dragon zombies (Crypt:3)
  3 sphinx skeletons
  17 manticores
  9 fauns
  A shadow dragon skeleton (Abyss:1)
  4 worldbinders
  11 cyclopes
  32 wolf spiders
  26 moths of wrath
  2 salamanders (Depths:4)
  2 spriggan zombies
  Maurice (D:8)
  A centaur zombie (D:14)
  16 merfolk sirens
  A black mamba (shapeshifter) (Depths:2)
  3 stone giant skeletons
  7 black mambas
  6 elephants
  17 vault sentinels
  2 fire giant skeletons
  A guardian serpent (Abyss:1)
  A rust devil (Depths:4)
  3 smoke demons
  A torpor snail (Spider:3)
  An apocalypse crab (Abyss:1)
  5 water nymphs
  2 spiny frogs (shapeshifter) (Vaults:1)
  25 spiny frogs
  3 gargoyles
  An elf zombie (Depths:3)
  2 orange demons
  A dire elephant skeleton (Crypt:3)
  10 demonic crawlers
  2 hellwings
  A rime drake (Lair:4)
  7 freezing wraiths
  5 komodo dragons
  An iron troll zombie (Crypt:2)
  A spark wasp simulacrum (Depths:2)
  A komodo dragon (shapeshifter) (Vaults:4)
  57 yaktaurs
  A golden dragon simulacrum (Depths:4)
  4 polar bears (Lair:3)
  4 guardian mummies
  A redback zombie (Crypt:2)
  An ice devil (Depths:3)
  3 tormentors
  2 efreet
  5 ancient zymes
  A yaktaur skeleton (Vaults:1)
  20 merfolk
  A hydra zombie (Crypt:1)
  12 trolls
  A polar bear (shapeshifter) (Vaults:4)
  33 jumping spiders
  2 tengu conjurers
  A hornet (shapeshifter) (Spider:4)
  5 red devils
  7 wind drakes
  3 bog bodies
  A death drake skeleton (Crypt:1)
  5 tyrant leeches (Lair:6)
  14 raiju
  2 fire giant simulacra
  5 snapping turtles
  17 hornets
  17 slime creatures
  An iron dragon simulacrum (Crypt:1)
  A meliai zombie (D:15)
  9 dream sheep
  28 blink frogs
  15 hippogriffs
  An ettin skeleton (Crypt:3)
  5 flying skulls (Crypt:3)
  A tarantella (shapeshifter) (Vaults:4)
  16 tarantellas
  3 air elementals
  A stone giant simulacrum (Vaults:2)
  44 redbacks
  21 yaks
  2 spriggans (shapeshifter)
  A black mamba zombie (Crypt:1)
  2 shadows
  5 wraiths
  4 fire elementals
  10 water elementals
  2 wyverns
  3 hogs (Lair:5)
  2 ushabtiu (Crypt:3)
  19 humans (D:14)
  A golden eye (shapeshifter) (Vaults:1)
  A human (shapeshifter) (Depths:3)
  4 ynoxinuls
  4 basilisks
  2 hungry ghosts
  11 vampire mosquitoes
  2 elf skeletons
  3 chaos spawn
  7 neqoxecs
  6 wargs
  A spatial vortex (Abyss:1)
  6 soldier ants (Lair:5)
  3 acid dragons
  27 water moccasins
  A deep troll skeleton (Crypt:3)
  A water moccasin (shapeshifter) (Depths:1)
  6 porcupines
  A hydra simulacrum (Crypt:3)
  2 swamp drakes
  6 hell hounds
  59 orc warriors
  2 black bears
  2 hornet zombies
  A sky beast (shapeshifter) (D:12)
  A phantom (D:12)
  3 eyes of draining
  2 spriggan simulacra (Depths:3)
  3 ice beasts
  4 necrophages
  An ettin simulacrum (Crypt:3)
  4 sky beasts
  45 ogres
  14 centaurs
  A manticore skeleton (Crypt:2)
  A human zombie (Vaults:1)
  Blork the orc (D:5)
  14 crocodiles
  17 small abominations
  A big kobold (D:14)
  A gnoll sergeant (Orc:1)
  2 wyvern zombies
  A draconian zombie (Crypt:3)
  4 earth elementals
  29 bullfrogs
  3 scorpions
  A wyvern skeleton (D:11)
  A water moccasin zombie (D:6)
  A shapeshifter zombie (Crypt:1)
  4 killer bees (D:11)
  A human simulacrum (Vaults:3)
  A water moccasin skeleton (D:4)
  10 wights
  6 howler monkeys
  6 electric eels
  7 crimson imps
  3 bullfrog zombies
  14 starcursed masses (Abyss:1)
  2 jellies
  4 quasits (Abyss:1)
  A hound (shapeshifter) (Vaults:4)
  3 hounds
  34 orc priests
  4 centaur skeletons
  4 iron imps
  An iguana (shapeshifter) (Vaults:5)
  2 iguanas
  31 orc wizards
  27 worker ants
  Terence (D:2)
  A centaur simulacrum (D:6)
  3 hound skeletons
  Robin (D:2)
  A worker ant zombie (D:10)
  2 howler monkey skeletons
  7 gnolls
  25 adders
  4 shadow imps
  4 white imps
  2 ufetubi (Abyss:1)
  2 oozes (D:1)
  A spectral adder (D:6)
  2 adder zombies
  A halfling zombie (Crypt:2)
  An iguana zombie (Crypt:1)
  2 worms (D:3)
  A barachi zombie (Crypt:1)
  2 dart slugs (D:1)
  5 leopard geckos
  114 orcs
  7 bats
  2 giant cockroaches
  15 goblins
  13 hobgoblins
  2 jackals (D:7)
  2 quokkas
  5 frilled lizards
  A jackal skeleton (D:4)
  13 kobolds
  An orc zombie (Crypt:3)
  A quokka skeleton (D:6)
  7 rats
  2 crawling corpses (Elf:3)
  2 plants (Lair:4)
  2 starspawn tentacles (Abyss:1)
  9 tentacles
2587 creatures vanquished.

Vanquished Creatures (collateral kills)
  Mara (Spider:3)
  A curse toe (Zot:1)
  A golden dragon (Zot:2)
  Jory (Depths:4)
  Arachne (Spider:3)
  2 liches
  2 deep elf blademasters
  5 ancient champions
  A storm dragon (Depths:3)
  A shadow dragon (Depths:5)
  A deep elf sorcerer (Elf:3)
  A draconian knight (Zot:4)
  Louise (Shoals:2)
  An emperor scorpion (Lair:4)
  2 ghost moths
  A draconian shifter (Zot:4)
  An orc warlord (Orc:1)
  A curse skull (Crypt:3)
  A spriggan defender (Depths:3)
  A draconian stormcaller (Depths:5)
  A very ugly thing (Depths:5)
  A vampire knight (Depths:5)
  A white draconian (Depths:5)
  A red draconian (Depths:5)
  An ettin (Depths:3)
  A merfolk impaler (Depths:1)
  A fire dragon (shapeshifter) (Depths:5)
  A death knight (Crypt:1)
  9 two-headed ogres
  2 orc high priests
  3 skeletal warriors (Crypt:3)
  A deep troll (Depths:1)
  A deep elf mage (Vaults:5)
  2 orb spiders
  An ugly thing (Depths:5)
  2 wolf spiders
  An orc sorcerer (Orc:2)
  A stone giant zombie (Crypt:1)
  A vault sentinel (Vaults:5)
  A titan simulacrum (Crypt:3)
  A tengu conjurer (Depths:3)
  A jumping spider (Spider:1)
  4 redbacks (Spider:1)
  A water elemental (Elf:3)
  A wraith (Crypt:1)
  2 fire elementals (Orc:1)
  A water moccasin (Lair:2)
  A floating eye (shapeshifter) (Elf:3)
  2 orc warriors (Orc:1)
  An ogre (Orc:2)
  An orc priest (Orc:2)
  5 orcs
81 creatures vanquished.

Vanquished Creatures (others)
  A fire giant (Depths:2)
  A merfolk siren (Shoals:2)
  A tarantella (Vaults:5)
  A black bear (D:7)
  An ogre (Vaults:3)
  A small abomination (Abyss:1)
  An iguana (D:7)
  A shadow imp (D:7)
  An adder skeleton (D:6)
  A leopard gecko (D:7)
  15 fungi
  A lurking horror (Abyss:1)
  109 plants
  7 starspawn tentacles
  25 tentacles
167 creatures vanquished.

Grand Total: 2835 creatures vanquished

Notes
Turn   | Place    | Note
-------+----------+-------------------------------------------
     0 | D:1      | Htamos the Draconian Conjurer began the quest for the Orb.
     0 | D:1      | Reached XP level 1. HP: 14/14 MP: 3/3
   236 | D:1      | Reached XP level 2. HP: 17/20 MP: 3/5
   860 | D:1      | Reached skill level 1 in Fighting
   860 | D:1      | Reached XP level 3. HP: 28/28 MP: 6/6
  1544 | D:2      | Noticed Terence
  1552 | D:2      | Killed Terence
  1552 | D:2      | Reached skill level 1 in Short Blades
  1552 | D:2      | Reached XP level 4. HP: 17/36 MP: 7/7
  1837 | D:2      | Noticed Robin
  2182 | D:2      | Found a white marble altar of Elyvilon.
  2334 | D:2      | Killed Robin
  2844 | D:3      | Reached XP level 5. HP: 44/44 MP: 8/8
  2881 | D:3      | Found a bloodstained altar of Trog.
  2921 | D:3      | Noticed an ogre
  2963 | D:3      | Became a worshipper of Trog the Wrathful
  3104 | D:3      | Killed an ogre
  3525 | D:4      | Reached XP level 6. HP: 39/52 MP: 9/9
  3695 | D:4      | Reached skill level 1 in Throwing
  3820 | D:4      | Found a shadowy altar of Dithmenos.
  3976 | D:4      | Found a shimmering blue altar of Sif Muna.
  4024 | D:4      | Reached skill level 5 in Fighting
  4250 | D:4      | Found a shimmering altar of Xom.
  4268 | D:4      | Noticed an angel
  4275 | D:4      | Found a glowing silver altar of Zin.
  4455 | D:4      | Found an opulent altar of Gozag.
  4457 | D:4      | Found a burning altar of Makhleb.
  4484 | D:5      | Entered Level 5 of the Dungeon
  4496 | D:5      | Your scales start taking on an icy white colour.
  4496 | D:5      | Reached XP level 7. HP: 61/61 MP: 10/10
  4496 | D:5      | Gained mutation: Your flesh is cold resistant. (rC+) [White
                  | Draconian growth]
  4505 | D:5      | Found a stormy altar of Qazlal.
  4608 | D:5      | Noticed Blork the orc
  4617 | D:5      | Killed Blork the orc
  4621 | D:5      | Reached skill level 1 in Axes
  5213 | D:6      | Reached skill level 1 in Slings
  5266 | D:6      | Reached * piety under Trog
  5381 | D:6      | Reached XP level 8. HP: 71/71 MP: 11/11
  5420 | D:6      | Found a runed translucent gate.
  5422 | D:6      | Found a runed translucent gate.
  5422 | D:6      | Found a runed translucent gate.
  5685 | D:6      | Reached skill level 1 in Evocations
  6258 | D:6      | Noticed PeterQ's ghost (novice HOFi)
  6301 | D:6      | Gained mutation: You have large cloven feet. [potion of
                  | mutation]
  6301 | D:6      | Gained mutation: You are robust. (+10% HP) [potion of
                  | mutation]
  6301 | D:6      | Gained mutation: Your magical capacity is low. (-10% MP)
                  | [potion of mutation]
  6301 | D:6      | Gained mutation: Your natural rate of healing is unusually
                  | fast. [potion of mutation]
  6391 | D:6      | Killed PeterQ's ghost
  6391 | D:6      | Reached skill level 5 in Dodging
  6503 | D:6      | Reached XP level 9. HP: 89/89 MP: 11/11
  6510 | D:6      | Reached ** piety under Trog
  6588 | D:7      | Found a staircase to the Ecumenical Temple.
  6661 | D:7      | Found a shimmering altar of Xom.
  6914 | D:7      | Found a snail-covered altar of Cheibriados.
  7081 | D:8      | Noticed Maurice
  7095 | D:8      | Killed Maurice
  7350 | D:8      | Found a shattered altar of Ashenzari.
  7790 | D:9      | Noticed hemabe's ghost (novice HuAr)
  7793 | D:9      | Found a runed translucent door.
  8116 | D:9      | Reached *** piety under Trog
  8446 | D:9      | Noticed a two-headed ogre
  8491 | D:9      | Killed a two-headed ogre
  8491 | D:9      | Reached skill level 5 in Axes
  8491 | D:9      | Reached XP level 10. HP: 74/101 MP: 12/12
  8612 | D:10     | Entered Level 10 of the Dungeon
  8812 | D:10     | Noticed Fannar
  8835 | D:9      | Killed Fannar
  8835 | D:9      | Reached skill level 10 in Fighting
  9011 | D:10     | Reached skill level 5 in Evocations
  9121 | D:10     | Reached skill level 5 in Slings
  9130 | D:10     | Noticed a green ugly thing
  9319 | D:10     | Noticed Urug
  9466 | D:10     | Found a staircase to the Lair.
  9621 | D:10     | Killed a green ugly thing
  9621 | D:10     | Reached XP level 11. HP: 91/112 MP: 13/13
 10061 | D:10     | Killed Urug
 10329 | D:11     | Reached **** piety under Trog
 10329 | D:11     | Received a gift from Trog
 11000 | D:11     | Found Jaozxey's Assorted Antiques.
 11009 | D:11     | Bought a fustibalus for 525 gold pieces
 11079 | D:11     | Noticed a purple ugly thing
 11096 | D:11     | Killed a purple ugly thing
 12054 | D:12     | Found a glowing silver altar of Zin.
 12173 | D:12     | Noticed a two-headed ogre
 12178 | D:12     | Killed a two-headed ogre
 12582 | D:12     | Found a staircase to the Orcish Mines.
 12867 | Orc:1    | Entered Level 1 of the Orcish Mines
 13408 | Orc:1    | Reached ***** piety under Trog
 13415 | Orc:1    | Noticed an orc knight
 13439 | Orc:1    | Killed an orc knight
 13439 | Orc:1    | Received a gift from Trog
 13439 | Orc:1    | Reached XP level 12. HP: 98/124 MP: 15/15
 14101 | Orc:1    | Reached skill level 1 in Shields
 14103 | Orc:1    | Found a roughly hewn altar of Beogh.
 14103 | Orc:1    | Noticed an orc high priest
 14104 | Orc:1    | Noticed an orc warlord
 14259 | Orc:1    | Killed an orc warlord
 14292 | Orc:1    | Killed an orc high priest
 14692 | Orc:2    | Entered Level 2 of the Orcish Mines
 14771 | Orc:2    | Noticed Azrael
 15263 | Orc:2    | Found a roughly hewn altar of Beogh.
 15559 | Orc:2    | Noticed a two-headed ogre
 15572 | Orc:2    | Killed a two-headed ogre
 15594 | Orc:1    | Killed Azrael
 16152 | Orc:2    | Found Tiuromp's Weapon Boutique.
 16307 | Orc:2    | Found Cavupta's Book Shop.
 16391 | Orc:2    | Noticed a two-headed ogre
 16398 | Orc:2    | Killed a two-headed ogre
 16849 | Orc:2    | Reached XP level 13. HP: 126/134 MP: 17/17
 17414 | Orc:2    | Found a staircase to the Elven Halls.
 17635 | Orc:2    | Paralysed by an orc sorcerer for 3 turns
 17684 | Orc:2    | Got a polished halberd
 17685 | Orc:2    | Identified the +3 halberd "Mohaca" {freeze, *Drain +Inv
                  | rPois rF++} (You found it on level 2 of the Orcish Mines)
 17861 | Orc:2    | Noticed an orc warlord
 17965 | Orc:2    | Killed an orc warlord
 18396 | Orc:2    | Found a roughly hewn altar of Beogh.
 18676 | Orc:2    | Found Yfiggum's Assorted Antiques.
 18684 | Orc:2    | Bought a scroll labeled FYRIDU YDDIN for 26 gold pieces
 18684 | Orc:2    | Bought a scroll of enchant armour for 195 gold pieces
 18771 | Orc:2    | Found Fanewem's Antique Weapon Emporium.
 19143 | D:13     | Htamos: !polymorph
 19143 | D:13     | beem: Htamos zaps a wand. evaporates and reforms as a
                  | tengu reaver!
 19143 | D:13     | Htamos: !polymorph anonymous
 19143 | D:13     | beem: Htamos zaps a wand. anonymous evaporates and reforms
                  | as a frost giant!
 19347 | D:13     | Htamos: !polymorph beem
 19347 | D:13     | beem: Htamos zaps a wand. beem evaporates and reforms as a
                  | wind drake!
 19458 | D:13     | Found a portal to a secret trove of treasure.
 19497 | D:13     | Noticed Nessos
 19652 | D:13     | Reached skill level 5 in Shields
 19711 | D:13     | Received a gift from Trog
 21085 | D:14     | Received a gift from Trog
 21448 | D:14     | Reached XP level 14. HP: 126/146 MP: 18/18
 21641 | D:14     | Htamos: ??short sword
 21641 | D:14     | beem: short sword[1/1]: Short blades; +4 acc / 6 dam / 1.1
                  | base delay / 0.5 min delay. Doesn't chop hydra heads in
                  | 0.16+.
 21659 | D:14     | Reached skill level 15 in Fighting
 21948 | D:14     | Received a gift from Trog
 22159 | D:14     | Htamos: @??wizard
 22159 | D:14     | beem: wizard (p)
                  | Spd:
    10 | HD: 10   | HP: 32-46
                  | AC/EV:
                  | 1/13
                  | Dam: 6
                  | natural, weapons, items, doors, evil,
                  | spellcaster
                  | Res: magic(60)
                  | XP: 688
                  | Sp: b.cold (3d18),
                  | crystal spear (3d28), slow, haste / mystic blast (3d15),
                  | fireball (3d19), paralyse, blink / stone arrow (3d17),
                  | b.lightning (3d17), banishment, invisibility
                  | Sz: Medium
                  | | Int: human.
 22386 | D:14     | Found a gate to the Vaults.
 22539 | D:15     | Entered Level 15 of the Dungeon
 22937 | Lair:1   | Entered Level 1 of the Lair of Beasts
 23246 | Lair:1   | Reached skill level 10 in Dodging
 23373 | Lair:1   | Reached skill level 10 in Axes
 24142 | Lair:2   | Found a transporter.
 24616 | Lair:2   | Found a transporter.
 24616 | Lair:2   | Noticed PeterQ's ghost (journeyman HOFi)
 24706 | Lair:2   | Found a staircase to the Shoals.
 24887 | Lair:2   | Killed PeterQ's ghost
 25385 | Lair:3   | Received a gift from Trog
 25519 | Lair:3   | Identified a scroll of acquirement
 25876 | Lair:4   | Htamos: hey :)
 25894 | Lair:4   | functor: hi
 26157 | Lair:4   | Found a hole to the Spider Nest.
 26541 | Lair:4   | Reached XP level 15. HP: 158/158 MP: 19/19
 26724 | Lair:5   | Found an ancient bone altar of Kikubaaqudgha.
 27230 | Lair:5   | Received a gift from Trog
 28149 | Lair:5   | Noticed Kirke
 28158 | Lair:5   | Killed Kirke
 28158 | Lair:5   | Received a gift from Trog
 28273 | Lair:5   | Found a viscous altar of Jiyva.
 28273 | Lair:5   | Found a staircase to the Slime Pits.
 28311 | Lair:6   | Entered Level 6 of the Lair of Beasts
 28625 | Lair:6   | Reached skill level 10 in Slings
 29076 | Lair:6   | Received a gift from Trog
 30057 | D:15     | Found a staircase to the Depths.
 31028 | Elf:1    | Entered Level 1 of the Elven Halls
 31064 | Elf:1    | Noticed Jorgrun
 31077 | Elf:1    | Killed Jorgrun
 31077 | Elf:1    | Reached XP level 16. HP: 87/170 MP: 9/20
 31439 | Elf:1    | Received a gift from Trog
 31481 | Elf:1    | Found a transporter.
 31483 | Elf:1    | Noticed PeterQ's ghost (adept GnWn)
 31498 | Elf:1    | Found a transporter.
 31501 | Elf:1    | Found Qiezoy's Magic Scroll Boutique.
 31510 | Elf:1    | Bought a scroll of summoning for 142 gold pieces
 32505 | Elf:1    | Reached skill level 10 in Evocations
 32660 | Elf:1    | Bought a scroll of teleportation for 45 gold pieces
 32917 | Elf:2    | Found a runed translucent gate.
 32917 | Elf:2    | Found a runed translucent gate.
 32920 | Elf:2    | Found a runed translucent gate.
 33311 | Elf:2    | Received a gift from Trog
 33529 | Elf:2    | Lost mutation: You have large cloven feet. [potion of
                  | mutation]
 33529 | Elf:2    | Lost mutation: Your magical capacity is low. (-10% MP)
                  | [potion of mutation]
 33529 | Elf:2    | Lost mutation: You are robust. (+10% HP) [potion of
                  | mutation]
 33529 | Elf:2    | Gained mutation: You are dopey. (Int -2) [potion of
                  | mutation]
 33529 | Elf:2    | Gained mutation: You have a pair of small horns on your
                  | head. [potion of mutation]
 33529 | Elf:2    | Gained mutation: You have sharp fingernails. [potion of
                  | mutation]
 33529 | Elf:2    | Gained mutation: Your large and strong wings let you fly
                  | indefinitely. [potion of mutation]
 33541 | Elf:2    | Htamos: ??imb
 33541 | Elf:2    | beem: Iskenderun's mystic blast[1/2]: Range 7, does a
                  | maximum of 2d22 damage but explodes with a 3/(2 +
                  | 2*distance) chance. The explosion is directed away from the
                  | caster, so don't worry about hurting yourself with it.
                  | Explosions are as loud as shouting. To-hit: 10+power/7.
 33541 | Elf:2    | Htamos: ??IOOD
 33541 | Elf:2    | beem: orb of destruction[1/8]: Iskenderun's Orb of
                  | Destruction - level 7 pure conjuration homing missile
                  | spell. Moves at speed 30 with inertia - if something casts
                  | this at you, sidestep, but watch out behind you! It does
                  | less damage at short range; at melee range it only does
                  | about half damage. Only in the book of Power and randart
                  | books.
 33541 | Elf:2    | Htamos: !polymorph beem
 33541 | Elf:2    | beem: Htamos zaps a wand. beem evaporates and reforms as a
                  | fire crab!
 33541 | Elf:2    | Htamos: !joke
 33541 | Elf:2    | Htamos: !cat
 33541 | Elf:2    | Htamos: !random
 33541 | Elf:2    | Htamos: ??random
 33541 | Elf:2    | beem: I don't have a page labeled random in my learndb. Did
                  | you mean: random2, randomisation, randomization.
 33541 | Elf:2    | Htamos: ??random2
 33541 | Elf:2    | beem: random2[1/1]: 1dN - 1
 33541 | Elf:2    | Htamos: ??random2 1d5
 33541 | Elf:2    | beem: I don't have a page labeled random2_1d5 in my
                  | learndb.
 33541 | Elf:2    | Htamos: ??random2 1 5
 33541 | Elf:2    | beem: I don't have a page labeled random2_1_5 in my
                  | learndb.
 33541 | Elf:2    | Htamos: !rng
 33541 | Elf:2    | Htamos: !help
 33541 | Elf:2    | beem: I'm a bot that sends commands to the DCSS IRC
                  | knowledge bots. For details, see
                  | https://github.com/gammafunk/beem/blob/master/docs/commands
                  | .md and to have me watch your games on this server, type:
                  | !subscribe
 33541 | Elf:2    | Htamos: ??footv
 33541 | Elf:2    | beem: FooTV[1/5]: telnet termcast.develz.org (and then
                  | select the letter for FooTV), or
                  | http://termcast.develz.org. Do not use SSH. Shows games
                  | requested using !tv. Request games by adding -tv to !lg or
                  | !lm. Cancel games by adding -tv:cancel to the same
                  | command-line, clear playlist with !lg * -tv:nuke
 33541 | Elf:2    | Htamos: ??ttyrec
 33541 | Elf:2    | beem: ttyrec[1/7]: Specialized format used to record Crawl
                  | (among other) games. Google to find a player for your
                  | favourite platform. CAO ttyrecs all games in
                  | http://crawl.akrasiac.org/rawdata//. Use !ttyrec to list
                  | ttyrecs for specific games.
 33543 | Elf:3    | Entered Level 3 of the Elven Halls
 33543 | Elf:3    | Noticed Roxanne
 33543 | Elf:3    | Noticed a deep elf master archer
 33555 | Elf:3    | Got a fine spear
 33574 | Elf:3    | Got an ancient hand axe
 33575 | Elf:3    | Identified the +9 hand axe of Dishonesty {drain, -Tele
                  | rElec Int+7} (You found it on level 3 of the Elven Halls)
 33600 | Elf:3    | Got a twisted crystal plate armour
 33601 | Elf:3    | Identified the cursed +0 crystal plate armour "Dewasm"
                  | {-Cast +Blink Str+7 Dex+3} (You found it on level 3 of the
                  | Elven Halls)
 33606 | Elf:3    | Got a jewelled spear
 33607 | Elf:3    | Identified the cursed +0 spear of Embarrassment {flame,
                  | +Rage rF+++ rC-} (You found it on level 3 of the Elven
                  | Halls)
 33608 | Elf:3    | Identified the +8 spear "Ymioceosul" {pierce, Fragile +Rage
                  | rPois rC-} (You found it on level 3 of the Elven Halls)
 33619 | Elf:3    | Got a steaming flail
 33621 | Elf:3    | Identified the cursed +0 flail of the Blowfly {vamp, rElec
                  | Int+3 Dex+4} (You found it on level 3 of the Elven Halls)
 33630 | Elf:3    | Noticed Asterion
 33685 | Elf:2    | Upgraded the game from 0.24-a0-585-g5c5dc1b5cb to
                  | 0.24-a0-586-g8e0e932a4c
 34083 | Spider:1 | Entered Level 1 of the Spider Nest
 34217 | Lair:4   | Reached skill level 1 in Polearms
 34805 | Spider:1 | Got a brightly glowing dagger
 34806 | Spider:1 | Identified the +10 dagger of Punishment {pierce, rF+ rC-
                  | Int+2} (You found it on level 1 of the Spider Nest)
 35165 | Spider:1 | Received a gift from Trog
 35535 | Spider:2 | Received a gift from Trog
 36319 | Spider:3 | Received a gift from Trog
 36328 | Spider:3 | Noticed Arachne
 36353 | Spider:3 | Reached XP level 17. HP: 86/165 MP: 9/24
 36355 | Spider:3 | Killed Arachne
 36355 | Spider:3 | Reached skill level 5 in Polearms
 36807 | Spider:3 | Noticed Mara
 36811 | Spider:3 | Noticed Htamos's illusion
 36815 | Spider:3 | Killed Mara
 37359 | Spider:4 | Entered Level 4 of the Spider Nest
 37382 | Spider:4 | Noticed Aizul
 37405 | Spider:4 | Killed Aizul
 37486 | Spider:4 | Noticed Nikola
 37496 | Spider:4 | Killed Nikola
 37511 | Spider:4 | Received a gift from Trog
 38064 | Spider:4 | Got a crystal trident
 38065 | Spider:4 | Identified the +8 trident "Beetle's Undoing" {pierce,
                  | Dex+4} (You found it on level 4 of the Spider Nest)
 39275 | Spider:4 | Htamos: !zap
 39275 | Spider:4 | beem: (∩ ͡° ͜ʖ ͡°)⊃━☆゚. o ・ 。゚
 39275 | Spider:4 | Htamos: !zap
 39275 | Spider:4 | beem: (∩ ͡° ͜ʖ ͡°)⊃━☆゚. o ・ 。゚
 40361 | Spider:4 | Got a gossamer rune of Zot
 40790 | Depths:1 | Entered Level 1 of the Depths
 40795 | Depths:1 | Found Alet's Magic Scroll Emporium.
 41215 | D:15     | Reached skill level 10 in Polearms
 41416 | Depths:1 | Received a gift from Trog
 41548 | Depths:1 | Identified the Papyrus of the Harmful Voyage
 41620 | Depths:1 | Found a shimmering blue altar of Sif Muna.
 41644 | Depths:1 | Noticed an ancient lich
 41672 | Depths:1 | Noticed a Hell Sentinel
 41681 | Depths:1 | Killed an ancient lich
 41879 | Depths:1 | Noticed a lich
 41912 | Depths:1 | Reached skill level 10 in Shields
 41912 | Depths:1 | Reached XP level 18. HP: 98/176 MP: 0/25
 42220 | Depths:1 | Received a gift from Trog
 42231 | Depths:1 | Noticed a lich
 42252 | Depths:1 | Killed a lich
 42431 | Depths:1 | Found a gateway to Hell.
 42515 | Depths:1 | Found a gateway to a ziggurat.
 42617 | Depths:1 | Bought a scroll of magic mapping for 42 gold pieces
 42617 | Depths:1 | Bought a scroll of immolation for 42 gold pieces
 42617 | Depths:1 | Bought 2 scrolls of blinking for 180 gold pieces
 42617 | Depths:1 | Bought a scroll of fear for 42 gold pieces
 42617 | Depths:1 | Bought a scroll of enchant armour for 90 gold pieces
 42719 | Depths:1 | Killed a lich
 42808 | Depths:1 | Received a gift from Trog
 43148 | Depths:2 | Found Qismab's Distillery.
 43158 | Depths:2 | Bought a potion of magic for 104 gold pieces
 43158 | Depths:2 | Bought a potion of magic for 104 gold pieces
 43158 | Depths:2 | Bought a potion of cancellation for 104 gold pieces
 43158 | Depths:2 | Bought a potion of might for 52 gold pieces
 43158 | Depths:2 | Bought a potion of mutation for 104 gold pieces
 43158 | Depths:2 | Bought a potion of lignification for 39 gold pieces
 43158 | Depths:2 | Bought a potion of magic for 104 gold pieces
 43158 | Depths:2 | Bought a potion of curing for 39 gold pieces
 43179 | Depths:2 | Got a warped buckler
 43181 | Depths:2 | Identified the +2 buckler of Hysteria {Str-3 Int+3} (You
                  | acquired it on level 2 of the Depths)
 43239 | Depths:2 | Received a gift from Trog
 44046 | Depths:2 | Received a gift from Trog
 44307 | Depths:2 | Received a gift from Trog
 44777 | Depths:2 | Reached XP level 19. HP: 169/184 MP: 23/26
 45148 | Depths:2 | Found a one-way gate leading to the halls of Pandemonium.
 45197 | Depths:2 | Received a gift from Trog
 46091 | Depths:2 | Identified the +2 leather armour of Resilience {Str+7}
 46244 | Depths:2 | Found an iron altar of Okawaru.
 46284 | Depths:2 | Got a brightly glowing falchion
 46406 | Depths:1 | Bought a scroll of identify for 24 gold pieces
 46406 | Depths:1 | Bought a scroll of identify for 24 gold pieces
 46418 | Depths:1 | Identified the +5 falchion "Zyopizeqev" {holy, rF+ Str-4
                  | SInv} (You found it on level 2 of the Depths)
 46885 | Depths:3 | Found a gateway to a bazaar.
 46900 | Bazaar   | Entered a bazaar
 46902 | Bazaar   | Found Efoa's Food Boutique.
 46910 | Bazaar   | Found Naod's Book Boutique.
 46910 | Bazaar   | Found Beiwacs's Weapon Boutique.
 46911 | Bazaar   | Found Icodof's Antique Armour Boutique.
 46926 | Bazaar   | Bought a pair of glowing gloves for 202 gold pieces
 46957 | Bazaar   | Bought a ration for 40 gold pieces
 46957 | Bazaar   | Bought a ration for 40 gold pieces
 46957 | Bazaar   | Bought a ration for 40 gold pieces
 46957 | Bazaar   | Bought a ration for 40 gold pieces
 46957 | Bazaar   | Bought a ration for 40 gold pieces
 46957 | Bazaar   | Bought a ration for 40 gold pieces
 46957 | Bazaar   | Bought a ration for 40 gold pieces
 46957 | Bazaar   | Bought a ration for 40 gold pieces
 46957 | Bazaar   | Bought a ration for 40 gold pieces
 46957 | Bazaar   | Bought a ration for 40 gold pieces
 46957 | Bazaar   | Bought a ration for 40 gold pieces
 47282 | Depths:3 | Noticed a Tzitzimitl
 47282 | Depths:3 | Noticed a golden dragon
 47298 | Depths:3 | Received a gift from Trog
 47749 | Depths:3 | Killed a golden dragon
 48134 | Depths:3 | Found a shimmering altar of Xom.
 48134 | Depths:3 | Found a snail-covered altar of Cheibriados.
 48146 | Depths:3 | Found a sparkling altar of Nemelex Xobeh.
 48146 | Depths:3 | Found a shadowy altar of Dithmenos.
 48515 | Depths:3 | Identified the Volume of Malediction
 48684 | Depths:3 | Found Hetim's Jewellery Emporium.
 49340 | Depths:3 | Reached XP level 20. HP: 195/195 MP: 27/27
 49366 | Depths:3 | Found a one-way gate to the infinite horrors of the Abyss.
 49799 | Depths:4 | Noticed Jory
 49815 | Depths:4 | Killed Jory
 49815 | Depths:4 | Reached skill level 15 in Slings
 50517 | Depths:4 | Noticed Frederick
 50573 | Depths:4 | Received a gift from Trog
 51104 | Depths:4 | Noticed a golden dragon
 51572 | Depths:3 | Killed a golden dragon
 52005 | Depths:4 | Received a gift from Trog
 52504 | Depths:5 | Entered Level 5 of the Depths
 52663 | Depths:5 | Found a huge runed gate.
 52663 | Depths:5 | Found a huge runed gate.
 52663 | Depths:5 | Found a huge runed gate.
 52664 | Depths:5 | Found a huge runed gate.
 52664 | Depths:5 | Found a huge runed gate.
 52672 | Depths:5 | Found a huge runed gate.
 52672 | Depths:5 | Found a huge runed gate.
 52672 | Depths:5 | Found a huge runed gate.
 52672 | Depths:5 | Found a huge runed gate.
 52672 | Depths:5 | Found a huge runed gate.
 52672 | Depths:5 | Found a huge runed gate.
 52673 | Depths:5 | Found a huge runed gate.
 52674 | Depths:5 | Found a huge runed gate.
 52675 | Depths:5 | Found a huge runed gate.
 52803 | Depths:5 | Found a huge runed gate.
 52803 | Depths:5 | Found a huge runed gate.
 52803 | Depths:5 | Found a huge runed gate.
 52812 | Depths:5 | Found a huge runed gate.
 52812 | Depths:5 | Found a huge runed gate.
 52813 | Depths:5 | Found a huge runed gate.
 52813 | Depths:5 | Found a huge runed gate.
 52815 | Depths:5 | Found a huge runed gate.
 53073 | Depths:5 | Found a huge runed gate.
 53391 | Depths:5 | Htamos: @??yaktaur captain
 53391 | Depths:5 | beem: yaktaur captain (c)
                  | Spd:
    10 | HD: 14   | HP: 64-90
                  | | AC/EV: 5/4
                  | Dam: 30
                  | weapons, items, doors, fighter,
                  | archer
                  | Res: magic(60)
                  | XP:
  1038 | Sz: Big  | Int: human.
 53694 | Depths:5 | Received a gift from Trog
 53935 | Depths:5 | Noticed a bone dragon
 53968 | Depths:5 | Killed a bone dragon
 54085 | Depths:5 | Noticed a caustic shrike
 54087 | Depths:5 | a caustic shrike changed into an iron dragon
 54089 | Depths:5 | Noticed a caustic shrike
 54089 | Depths:5 | an iron dragon changed into a caustic shrike
 54103 | Depths:5 | a caustic shrike changed into a fire giant
 54314 | Depths:5 | Received a gift from Trog
 54322 | Depths:5 | Found a gate to the Realm of Zot.
 54398 | Depths:5 | Found a huge runed gate.
 54398 | Depths:5 | Found a huge runed gate.
 54398 | Depths:5 | Found a huge runed gate.
 54398 | Depths:5 | Found a huge runed gate.
 54398 | Depths:5 | Found a huge runed gate.
 54399 | Depths:5 | Found a huge runed gate.
 54399 | Depths:5 | Found a huge runed gate.
 54403 | Depths:5 | Found a huge runed gate.
 55190 | Elf:3    | Killed Roxanne
 55365 | Elf:3    | Received a gift from Trog
 55444 | Elf:3    | Reached XP level 21. HP: 203/204 MP: 26/28
 55738 | Elf:3    | Received a gift from Trog
 55828 | Elf:3    | Got an ichor-stained buckler
 55829 | Elf:3    | Identified the +1 buckler of Midsummer {rPois} (You found
                  | it on level 3 of the Elven Halls)
 55891 | Elf:3    | Identified the ring of Mistrust {rElec rC- rN++ Int+3
                  | Dex-3}
 55943 | Elf:3    | Identified the ring of Ovvoith {+Inv rPois Dex+4 Stlth+}
 55950 | Elf:3    | Identified the +8 hand axe "Ekywu" {protect, +Blink rC+}
 55950 | Elf:3    | Identified the amulet of the Five Ships {Acrobat Slay+3}
 56134 | Elf:3    | Identified the +6 quarterstaff of Peace {vamp, rElec}
 56241 | Elf:3    | Cast into level 2 of the Abyss (a deep elf sorcerer)
 56606 | Abyss:2  | Identified the +6 large shield of Cheibriados's Favour
                  | {*Slow MR++ rCorr Str+3}
 56676 | Abyss:2  | Received a gift from Trog
 56725 | Elf:3    | Escaped the Abyss
 57673 | Elf:3    | Received a gift from Trog
 58161 | Elf:3    | Killed Asterion
 58648 | Elf:1    | Bought a scroll of identify for 30 gold pieces
 58648 | Elf:1    | Bought a scroll of identify for 30 gold pieces
 58648 | Elf:1    | Bought a scroll of identify for 30 gold pieces
 58648 | Elf:1    | Bought a scroll of identify for 30 gold pieces
 58648 | Elf:1    | Bought a scroll of identify for 30 gold pieces
 58707 | Elf:1    | Killed PeterQ's ghost
 58941 | Depths:1 | Bought a scroll of enchant weapon for 90 gold pieces
 59678 | D:9      | Killed hemabe's ghost
 60229 | D:13     | Killed Nessos
 60229 | D:13     | Received a gift from Trog
 60423 | Depths:3 | Voluntarily entered the Abyss.
 60711 | Abyss:1  | Found a corrupted altar of Lugonu.
 60827 | Abyss:1  | Received a gift from Trog
 60997 | Depths:3 | Escaped the Abyss
 61009 | Depths:3 | Voluntarily entered the Abyss.
 61090 | Depths:3 | Escaped the Abyss
 61092 | Depths:3 | Voluntarily entered the Abyss.
 61249 | Abyss:1  | Reached XP level 22. HP: 214/214 MP: 29/29
 61359 | Abyss:1  | Reached skill level 15 in Axes
 61776 | Depths:3 | Escaped the Abyss
 61785 | Depths:3 | Voluntarily entered the Abyss.
 61790 | Abyss:1  | Found a corrupted altar of Lugonu.
 62207 | Abyss:1  | Received a gift from Trog
 62237 | Abyss:1  | Lost mutation: Your natural rate of healing is unusually
                  | fast. [a neqoxec]
 62238 | Abyss:1  | Gained mutation: You are weak. (Str -2) [a neqoxec]
 62245 | Abyss:1  | Lost mutation: You are weak. (Str -2) [potion of mutation]
 62245 | Abyss:1  | Lost mutation: Your large and strong wings let you fly
                  | indefinitely. [potion of mutation]
 62245 | Abyss:1  | Gained mutation: You are frail. (-10% HP) [potion of
                  | mutation]
 62245 | Abyss:1  | Gained mutation: You have a pair of horns on your head.
                  | [potion of mutation]
 62245 | Abyss:1  | Lost mutation: You are dopey. (Int -2) [potion of mutation]
 62246 | Abyss:1  | Lost mutation: You are frail. (-10% HP) [potion of
                  | mutation]
 62246 | Abyss:1  | Lost mutation: You have a pair of horns on your head.
                  | [potion of mutation]
 62246 | Abyss:1  | Gained mutation: You have very sharp teeth. [potion of
                  | mutation]
 62246 | Abyss:1  | Lost mutation: You have a pair of small horns on your head.
                  | [potion of mutation]
 62246 | Abyss:1  | Gained mutation: Your body sometimes deteriorates upon
                  | taking damage. [potion of mutation]
 62246 | Abyss:1  | Gained mutation: Your flesh is heat resistant. (rF+)
                  | [potion of mutation]
 62477 | Abyss:1  | Received a gift from Trog
 62738 | Abyss:1  | Received a gift from Trog
 62820 | Depths:3 | Escaped the Abyss
 63143 | Shoals:1 | Entered Level 1 of the Shoals
 64597 | Shoals:2 | Noticed Louise
 64611 | Shoals:2 | Reached skill level 15 in Shields
 64624 | Shoals:2 | Killed Louise
 64624 | Shoals:2 | Received a gift from Trog
 64673 | Shoals:2 | Noticed Ilsuiw
 64698 | Shoals:2 | Killed Ilsuiw
 65449 | Shoals:3 | Found Uxeubi Onleu's Armour Shop.
 65452 | Shoals:3 | Bought a +2 shield of protection for 344 gold pieces
 65485 | Shoals:3 | Bought a scarf of resistance for 512 gold pieces
 65496 | Shoals:3 | Got a jewelled large shield
 65498 | Shoals:3 | Identified the +4 large shield of the Armadillo {-Cast +Fly
                  | rElec Str+8} (You acquired it on level 3 of the Shoals)
 65964 | Shoals:3 | Received a gift from Trog
 66429 | Shoals:4 | Entered Level 4 of the Shoals
 66720 | Shoals:4 | Identified the Incunabulum of Harmful Creation
 67289 | Shoals:4 | Received a gift from Trog
 67672 | Shoals:4 | Got a barnacled rune of Zot
 68666 | Vaults:1 | Entered Level 1 of the Vaults
 69107 | Vaults:1 | Received a gift from Trog
 69302 | Vaults:1 | Received a gift from Trog
 69440 | Vaults:1 | Reached XP level 23. HP: 223/223 MP: 30/30
 69454 | Vaults:1 | Received a gift from Trog
 69454 | Vaults:1 | Reached ****** piety under Trog
 70106 | Vaults:1 | Found Asaehih's Armour Emporium.
 71100 | Vaults:2 | Got a scorched triple crossbow
 71106 | Vaults:2 | Identified the +5 triple crossbow "Hellblazer" {venom,
                  | rPois rC+} (You found it on level 2 of the Vaults)
 71231 | Vaults:2 | Received a gift from Trog
 72250 | Vaults:3 | Received a gift from Trog
 72264 | Vaults:3 | Found a staircase to the Crypt.
 72306 | Vaults:3 | Found Xakageqi's Antique Weapon Shop.
 72895 | Vaults:3 | Reached skill level 5 in Short Blades
 73704 | Vaults:3 | Received a gift from Trog
 73809 | Vaults:3 | Got a steaming rapier
 73818 | Vaults:3 | Identified the +5 rapier of Biaw {freeze, rC+} (You found
                  | it on level 3 of the Vaults)
 74531 | Vaults:4 | Reached XP level 24. HP: 200/233 MP: 26/30
 74683 | Vaults:4 | Received a gift from Trog
 75236 | Vaults:4 | Received a gift from Trog
 75661 | Vaults:4 | Received a gift from Trog
 76411 | Crypt:1  | Entered Level 1 of the Crypt
 77176 | Crypt:1  | Received a gift from Trog
 77396 | Crypt:1  | Got an ichor-stained glaive {god gift}
 77402 | Crypt:1  | Identified the +5 glaive of Foolhardiness {speed, SInv}
                  | (Trog gifted it to you on level 1 of the Crypt)
 78700 | Crypt:2  | Paralysed by something for 5 turns
 79091 | Crypt:2  | Received a gift from Trog
 79096 | Crypt:2  | Got a smoking arbalest {god gift}
 80402 | Crypt:3  | Entered Level 3 of the Crypt
 80621 | Crypt:3  | Found a staircase to the Tomb.
 81384 | Crypt:3  | Reached XP level 25. HP: 243/243 MP: 30/30
 81524 | Crypt:3  | Received a gift from Trog
 82055 | Crypt:3  | Found an ancient bone altar of Kikubaaqudgha.
 82057 | Crypt:3  | Found a basalt altar of Yredelemnul.
 82217 | Crypt:3  | Got a crystal glaive
 82243 | Crypt:3  | Identified the +8 glaive "Ogrebane" {freeze, Int-2 Dex+5
                  | SInv} (You found it on level 3 of the Crypt)
 83906 | Vaults:5 | Entered Level 5 of the Vaults
 83917 | Vaults:5 | Received a gift from Trog
 84610 | Vaults:4 | Received a gift from Trog
 85226 | Vaults:5 | Noticed an ancient lich
 85300 | Vaults:5 | Identified the +4 mace "Pioda" {distort, rC+ Str+4}
 86143 | Vaults:5 | Got a silver rune of Zot
 86248 | Vaults:5 | Received a gift from Trog
 86261 | Vaults:5 | Killed an ancient lich
 86952 | Vaults:5 | Reached XP level 26. HP: 254/254 MP: 30/30
 87844 | Zot:1    | Entered Level 1 of the Realm of Zot
 88608 | Zot:1    | Received a gift from Trog
 89708 | Zot:1    | Received a gift from Trog
 90735 | Zot:1    | Found a transporter.
 90941 | Zot:1    | Found a transporter.
 91831 | Zot:1    | Received a gift from Trog
 91836 | Zot:1    | Found the +2 pair of boots of the Assassin {Detection Stab+
                  | Stlth++}
 91860 | Zot:1    | Got a pair of slimy gloves
 91862 | Zot:1    | Identified the +2 pair of gloves of Ukhlulelo {rCorr MP+9
                  | Str-4 Slay+6} (You acquired it on level 1 of the Realm of
                  | Zot)
 91877 | Zot:1    | Identified a +2 pair of boots of running (You acquired it
                  | on level 1 of the Realm of Zot)
 94030 | Zot:2    | Reached XP level 27. HP: 264/264 MP: 30/30
 94311 | Zot:3    | Received a gift from Trog
 94936 | Zot:3    | Received a gift from Trog
 95349 | Zot:3    | Found a large runed translucent door.
 95352 | Zot:3    | Noticed Ohee's ghost (legendary KoGl)
 95353 | Zot:3    | Found a large runed translucent door.
 95542 | Zot:3    | Killed Ohee's ghost
 95938 | Zot:4    | Received a gift from Trog
 96191 | Zot:4    | Received a gift from Trog
 97164 | Zot:4    | Received a gift from Trog
 98356 | Zot:5    | Entered Level 5 of the Realm of Zot
 99982 | Zot:5    | Noticed an ancient lich
 99994 | Zot:5    | Killed an ancient lich
100061 | Zot:5    | Noticed an orb of fire
100065 | Zot:5    | Gained mutation: Your magical capacity is low. (-10% MP)
                  | [an orb of fire]
100073 | Zot:5    | Gained mutation: You are occasionally teleported next to
                  | monsters. [an orb of fire]
100091 | Zot:5    | Killed an orb of fire
100103 | Zot:5    | Received a gift from Trog
100108 | Zot:5    | Lost mutation: Your body sometimes deteriorates upon taking
                  | damage. [potion of mutation]
100108 | Zot:5    | Lost mutation: You have very sharp teeth. [potion of
                  | mutation]
100108 | Zot:5    | Gained mutation: Your muscles are strong. (Str +2) [potion
                  | of mutation]
100108 | Zot:5    | Gained mutation: You have a pair of small antennae on your
                  | head. [potion of mutation]
100109 | Zot:5    | Lost mutation: Your muscles are strong. (Str +2) [potion of
                  | mutation]
100109 | Zot:5    | Lost mutation: You have a pair of small antennae on your
                  | head. [potion of mutation]
100109 | Zot:5    | Gained mutation: Your body sometimes deteriorates upon
                  | taking damage. [potion of mutation]
100109 | Zot:5    | Gained mutation: You have a pair of small antennae on your
                  | head. [potion of mutation]
100110 | Zot:5    | Lost mutation: Your body sometimes deteriorates upon taking
                  | damage. [potion of mutation]
100110 | Zot:5    | Lost mutation: You have a pair of small antennae on your
                  | head. [potion of mutation]
100110 | Zot:5    | Gained mutation: Your spells are a little harder to cast,
                  | but a little more powerful. [potion of mutation]
100111 | Zot:5    | Lost mutation: Your spells are a little harder to cast, but
                  | a little more powerful. [potion of mutation]
100111 | Zot:5    | Lost mutation: Your magical capacity is low. (-10% MP)
                  | [potion of mutation]
100111 | Zot:5    | Gained mutation: Your tail ends in a poisonous barb.
                  | [potion of mutation]
100111 | Zot:5    | Gained mutation: You are weak. (Str -2) [potion of
                  | mutation]
100111 | Zot:5    | Gained mutation: You have a pair of small antennae on your
                  | head. [potion of mutation]
100112 | Zot:5    | Lost mutation: Your tail ends in a poisonous barb. [potion
                  | of mutation]
100112 | Zot:5    | Lost mutation: You are weak. (Str -2) [potion of mutation]
100112 | Zot:5    | Lost mutation: Your flesh is heat resistant. (rF+) [potion
                  | of mutation]
100112 | Zot:5    | Lost mutation: You are occasionally teleported next to
                  | monsters. [potion of mutation]
100112 | Zot:5    | Gained mutation: You have a pair of antennae on your head.
                  | [potion of mutation]
100352 | Zot:5    | Noticed an ancient lich
100372 | Zot:5    | Killed an ancient lich
100671 | Zot:5    | Noticed an orb of fire
100677 | Zot:5    | Gained mutation: You passively map a small area around you.
                  | [an orb of fire]
100681 | Zot:5    | Gained mutation: You are clumsy. (Dex -2) [an orb of fire]
100683 | Zot:5    | Gained mutation: You are weak. (Str -2) [an orb of fire]
100687 | Zot:5    | Gained mutation: Your spells are a little easier to cast,
                  | but a little less powerful. [an orb of fire]
100695 | Zot:5    | Killed an orb of fire
100819 | Zot:5    | Noticed an orb of fire
100824 | Zot:5    | Gained mutation: Your magical capacity is low. (-10% MP)
                  | [an orb of fire]
100828 | Zot:5    | Gained mutation: You tend to lose your temper in combat.
                  | [an orb of fire]
100837 | Zot:5    | Killed an orb of fire
101514 | Zot:5    | Noticed an orb of fire
101530 | Zot:5    | Gained mutation: Your body sometimes deteriorates upon
                  | taking damage. [an orb of fire]
101531 | Zot:5    | Noticed an ancient lich
101535 | Zot:5    | Gained mutation: Your body often deteriorates upon taking
                  | damage. [an orb of fire]
101539 | Zot:5    | Killed an orb of fire
101956 | Zot:5    | Paralysed by an ancient lich for 2 turns
101968 | Zot:5    | Killed an ancient lich
102526 | Zot:5    | Noticed an orb of fire
102531 | Zot:5    | Gained mutation: You are very clumsy. (Dex -4) [an orb of
                  | fire]
102590 | Zot:5    | Gained mutation: You are dopey. (Int -2) [an orb of fire]
102597 | Zot:5    | Lost mutation: You tend to lose your temper in combat. [an
                  | orb of fire]
102613 | Zot:5    | Killed an orb of fire
102627 | Zot:5    | Paralysed by fainting for 5 turns
102807 | Zot:5    | Noticed an orb of fire
102819 | Zot:5    | Noticed an orb of fire
102849 | Zot:5    | Killed an orb of fire
102905 | Zot:5    | Noticed an orb of fire
102907 | Zot:5    | Gained mutation: Scrolls take you a little longer to read.
                  | [an orb of fire]
102930 | Zot:5    | Gained mutation: You are very dopey. (Int -4) [an orb of
                  | fire]
102932 | Zot:5    | Noticed an orb of fire
102943 | Zot:5    | Noticed an ancient lich
103003 | Zot:5    | Lost mutation: Your magical capacity is low. (-10% MP)
                  | [potion of mutation]
103003 | Zot:5    | Lost mutation: You have a pair of antennae on your head.
                  | [potion of mutation]
103003 | Zot:5    | Lost mutation: You are very clumsy. (Dex -4) [potion of
                  | mutation]
103003 | Zot:5    | Lost mutation: Your body often deteriorates upon taking
                  | damage. [potion of mutation]
103003 | Zot:5    | Gained mutation: Your body often deteriorates upon taking
                  | damage. [potion of mutation]
103003 | Zot:5    | Gained mutation: You have very sharp fingernails. [potion
                  | of mutation]
103017 | Zot:5    | Gained mutation: You are occasionally teleported next to
                  | monsters. [an orb of fire]
103035 | Zot:5    | Gained mutation: Your spells are easier to cast, but less
                  | powerful. [an orb of fire]
103038 | Zot:5    | Killed an orb of fire
103184 | Zot:5    | Killed an ancient lich
103189 | Zot:5    | Gained mutation: Your magical capacity is low. (-10% MP)
                  | [an orb of fire]
103196 | Zot:5    | Killed an orb of fire
103227 | Zot:5    | Gained mutation: Potions are less effective at restoring
                  | your health. [an orb of fire]
103664 | Zot:5    | Killed an orb of fire
104373 | Zot:5    | Got the Orb of Zot
104665 | Depths:5 | Noticed Tyoleril the pandemonium lord
104680 | Depths:5 | Killed Tyoleril the pandemonium lord
105156 | D:4      | Found a radiant altar of Vehumet.
105250 | D:$      | Escaped with the Orb!

Levels and vault maps discovered:
D:1:      onia_arrival_pyramid, layout_basic, serial_bayou, serial_bayou_pond_b,
          serial_bayou_shore_b, serial_bayou_pond_a, serial_bayou_pond_a
D:2:      wad_river_or_something, layout_loops_ring, elyvilon_altar_3,
          first_ration, uniq_terence, uniq_robin
D:3:      layout_loops_cross, lemuel_round_altar, kennysheep_generic_room_9
D:4:      layout_cave_pools, grunt_temple_overflow_order_and_chaos_1,
          nicolae_overflow_hidden_temple
D:5:      layout_rooms, grunt_qazlal_sundering, uniq_blork_the_orc
D:6:      layout_loops_ring, gammafunk_ghost_necromancy, minivault_11
D:7:      layout_rooms, slow_altar_2, minmay_temple_entry_tees,
          xom_confusion_cloud
D:8:      layout_loops_ring, ashenzari_altar_1, corexii_corridor_pit,
          grunt_ogre_cave, uniq_maurice
D:9:      layout_gridville, hellmonk_ghost_happy_afterlife, grunt_ministairs_6
D:10:     layout_long_grid, erik_lair_dragon, uniq_urug, uniq_fannar
D:11:     layout_basic, serial_shops, shop
D:12:     layout_small_grid, orc_0_dummy, basic_altar
D:13:     layout_irregular_city, nicolae_trove_entry_columns, nicolae_sextant,
          uniq_nessos
D:14:     layout_cave_pools, grunt_vaults_entry_tiered,
          chequers_serial_rivers_micro_e
D:15:     hangedman_depths_entry_civil_slaughter, layout_basic,
          hangedman_abyss_or_decor_lesser_grid
Lair:1:   cheibrodos_lair_river_kwai, layout_long_grid
Lair:2:   layout_roguey, minmay_shoals_entry_centaurs, gammafunk_ghost_arena,
          st_stairs_11
Lair:3:   layout_hall_layers, cheibrodos_lair_lostbears
Lair:4:   layout_hall_layers, nicolae_spider_entry_tight_spaces,
          lemuel_old_faithful
Lair:5:   lemuel_reptile_caves, layout_regular_city,
          dpeg_slime_entry_enclosed_altar, basic_altar, minmay_another_anthill,
          serial_bayou_shore_b, uniq_kirke
Lair:6:   minmay_lair_end_frog_pond, layout_concentric_octagons
Shoals:1: layout_shoals
Shoals:2: layout_shoals, uniq_ilsuiw, uniq_louise
Shoals:3: layout_shoals, serial_shops, nicolae_shop_behind_doors,
          nicolae_shoals_seven_spires
Shoals:4: shoals_end_grunt_ice, layout_shoals, yaktaur_hedge
Spider:1: layout_spider_delve
Spider:2: layout_spider_delve
Spider:3: layout_spider_delve, uniq_mara, uniq_arachne
Spider:4: spider_rune_water, uniq_nikola, uniq_aizul
Orc:1:    orc_temple, layout_diamond_mine
Orc:2:    pubby_orc_utopia, uniq_azrael
Elf:1:    layout_gridlike, gammafunk_ghost_arena, serial_shops, shop_fountains,
          hangedman_corner_corridor, st_stairs_6, uniq_jorgrun
Elf:2:    layout_geoelf_grid
Elf:3:    minmay_elf_hall_four_x, layout_gridlike, uniq_asterion, uniq_roxanne
Vaults:1: hangedman_vaults_capsules, vaults_mumra_minichess, vaults_dpeg_ring,
          ontoclasm_vaults_ring_square, dpeg_vaults_monster_box,
          layout_vaults_big_room, serial_shops, shop
Vaults:2: ontoclasm_vaults_pinch, st_squares, dpeg_vaults_monster_row,
          vaults_dpeg_cross, v_misc_26, ontoclasm_vaults_claustrophobia,
          nicolae_vaults_yaktaur_gun_rack, ontoclasm_vaults_misaligned,
          layout_vaults_omnigrid, serial_shops, shop
Vaults:3: vaults_room_hallway, minmay_crypt_entry_simple_round,
          grunt_vaults_twisty, v_misc_9, nicolae_vaults_fighting_squares,
          nicolae_vaults_little_squares_6, v_misc_16, vaults_dpeg_encased_lava,
          vaults_standard_mumra_lines, grunt_vaults_hallway_long,
          nicolae_vaults_bisected_exclaves, ontoclasm_vaults_gateway, v_misc_2,
          hangedman_vaults_stream, layout_vaults_maze_snakey, serial_shops, shop
Vaults:4: nicolae_vaults_quadrants, nicolae_vaults_little_squares_2,
          vaults_room_grid, v_misc_18, nicolae_vaults_arrows,
          vaults_room_fancy_cross, hangedman_vaults_restitches,
          hangedman_vaults_river_flow, hangedman_vaults_cutoff, v_misc_18,
          v_alt_pattern_1, ontoclasm_vaults_decontamination,
          layout_vaults_omnibox
Vaults:5: serial_shops
Crypt:1:  layout_chaotic_city
Crypt:2:  layout_misc_corridors, minmay_misc_feat_rows, grunt_megastairs_2
Crypt:3:  lightli_unholy_cathedral, layout_chaotic_city,
          tomb_entry_forgotten_bobbens
Depths:1: evilmike_library_of_no_secrets, layout_basic, enter_ziggurat_b,
          serial_bayou_lagoon_a, hangedman_coc_ice_floe,
          hangedman_abyss_or_decor_passed, minmay_misc_feat_enclosed,
          kennysheep_windowed_goal
Depths:2: evilmike_iron_armoury, layout_basic, pan_entry, serial_glass,
          glass_columns_b, glass_columns_a, serial_bayou_pond_b, serial_shops,
          shop_statue, hell_entry, minmay_misc_feat_diagonals,
          kennysheep_random_hallway
Depths:3: minmay_the_grid_octo_triangle [minmay_the_grid_octo_shrine,
          minmay_the_grid_octo_prize_big_c,
          minmay_the_grid_octo_tetromino_candy], layout_gridville, serial_shops,
          freezing_bzr, kennysheep_mini_moat, hell_entry,
          minmay_room_of_horrors, rand_demon_pan_entry_3, serial_bayou_pond_a
Depths:4: four-leaf_vault, layout_cave_pools, abyss_entry,
          kennysheep_cross_bottleneck, grunt_mini_vestibule,
          rand_demon_pan_entry_1, uniq_jory, uniq_frederick
Depths:5: grunt_zot_entry_alcove, layout_honeycomb, minmay_misc_feat_x,
          grunt_hell_entry_dis_mu, pan_entry, drop_trap, door_vault
Zot:1:    gammafunk_dig_for_victory, layout_basic
Zot:2:    layout_misc_corridors, hangedman_elemental_corridor
Zot:3:    layout_concentric_octagons, ebering_ghost_disaster_area
Zot:4:    layout_basic, grunt_megastairs_4
Zot:5:    layout_basic

Skill      XL: |  1  2  3  4  5  6  7  8  9 10 11 12 13 14 15 16 17 18 19 20 21 22 23 24 25 26 27 |
---------------+----------------------------------------------------------------------------------+-----
Dodging        | 2 3 4 5 6 7 8 9 10 11 12 | 12.3
Stealth        | 2 |  2.0
Fighting       | 1 2 4 5 6 7 9 11 12 13 14 16 17 18 19 20 21 22 23 24 26 | 26.7
Short Blades   | 1 2 5 7 8 |  8.0
Throwing       | 1 2 |  2.7
Axes           | 1 3 5 6 7 8 9 10 11 12 13 14 16 17 | 17.1
Slings         | 1 2 4 5 6 7 8 9 10 11 13 14 16 17 19 20 21 22 23 26 | 26.5
Evocations     | 2 4 5 7 8 9 10 | 10.3
Shields        | 3 5 7 8 9 10 11 12 13 14 15 17 19 20 22 | 22.9
Polearms       | 4 10 | 10.0
Spellcasting   | |  2.3
Conjurations   | |  4.2

Action                   |  1- 3 |  4- 6 |  7- 9 | 10-12 | 13-15 | 16-18 | 19-21 | 22-24 | 25-27 || total
-------------------------+-------+-------+-------+-------+-------+-------+-------+-------+-------++-------
Melee: Unarmed           |    29 |       |       |       |       |       |       |       |    12 ||    41
       Tailslap          |     4 |     4 |    19 |    67 |   150 |   161 |    18 |    59 |   218 ||   700
       Dagger            |    11 |    61 |     2 |       |       |       |       |       |       ||    74
       Hand axe          |       |       |   148 |   490 |   901 |   163 |   123 |       |       ||  1825
       Spear             |       |       |       |       |       |   751 |       |       |       ||   751
       Headbutt          |       |       |       |       |       |   237 |    38 |     1 |       ||   276
       Demon trident     |       |       |       |       |       |    28 |       |       |       ||    28
       Trident           |       |       |       |       |       |     8 |       |       |       ||     8
       Broad axe         |       |       |       |       |       |       |    62 |   363 |  1171 ||  1596
       Bite              |       |       |       |       |       |       |       |    52 |   140 ||   192
 Fire: Hunting sling     |       |       |       |    60 |   991 |   696 |  2029 |  2773 |  1282 ||  7831
       Fustibalus        |       |       |       |    16 |       |       |       |       |       ||    16
Throw: Boomerang         |    22 |    74 |    10 |    49 |    95 |       |       |       |       ||   250
       Stone             |       |       |   234 |   372 |   171 |    26 |       |    63 |     8 ||   874
       Dart              |       |       |     3 |       |     8 |       |     7 |       |       ||    18
       Javelin           |       |       |       |       |       |    27 |    30 |       |       ||    57
 Cast: Magic Dart        |    19 |       |       |       |       |       |       |       |       ||    19
Invok: Berserk           |       |       |     1 |     9 |    15 |     1 |       |       |    10 ||    36
       Trog's Hand       |       |       |       |     1 |     3 |     5 |    22 |    16 |    55 ||   102
       Brothers in Arms  |       |       |       |     9 |     5 |    10 |    18 |    10 |     8 ||    60
 Abil: Breathe Frost     |       |       |     3 |     5 |     5 |     1 |       |       |       ||    14
       Stop Flying       |       |       |       |       |       |     1 |     1 |       |       ||     2
       Fly               |       |       |       |       |       |     1 |       |       |       ||     1
Evoke: Wand              |       |     1 |    21 |    71 |    18 |    58 |    24 |    21 |    42 ||   256
       Sack of spiders   |       |       |       |       |       |     6 |     3 |     1 |       ||    10
       Lightning rod     |       |       |       |       |       |    20 |    11 |     3 |     6 ||    40
       Phial of floods   |       |       |       |       |       |       |     4 |     2 |     4 ||    10
       Box of beasts     |       |       |       |       |       |       |     1 |       |     8 ||     9
       Lamp of fire      |       |       |       |       |       |       |       |       |     3 ||     3
       Phantom mirror    |       |       |       |       |       |       |       |       |     1 ||     1
  Use: Scroll            |       |    14 |     6 |     5 |    24 |    34 |    17 |    12 |    26 ||   138
       Potion            |       |     2 |     3 |     6 |     8 |    17 |    21 |     4 |    29 ||    90
 Stab: Sleeping          |     4 |     1 |       |       |     1 |     2 |       |       |       ||     8
       Invisible         |       |       |       |       |     3 |       |       |       |       ||     3
       Paralysed         |       |       |       |       |     4 |     9 |     8 |     1 |     5 ||    27
       Held in net/web   |       |       |       |       |       |     3 |       |       |       ||     3
       Distracted        |       |       |       |       |       |       |       |       |     1 ||     1
  Eat: Chunk             |     2 |     9 |    11 |    32 |    45 |    12 |    19 |    36 |    16 ||   182
       Ration            |       |       |     1 |     2 |     6 |    11 |    14 |    10 |    25 ||    69
Armor: Skin              |     9 |    10 |    55 |   121 |   184 |   238 |   176 |   220 |   239 ||  1252
Dodge: Dodged            |    19 |    13 |    70 |   351 |   491 |   503 |   356 |   362 |   381 ||  2546
Block: Shield            |       |       |       |   107 |   455 |   775 |   592 |   123 |       ||  2052
       Large shield      |       |       |       |       |       |       |       |  1142 |  1343 ||  2485

Table legend:
 A = Non-vault XP
 B = Vault XP
 C = Vault XP percentage of total XP
 D = Non-vault monster count
 E = Vault monster count
 F = Vault count percentage of total count
                 A         B        C        D         E       F
            +---------+---------+-------+---------+---------+-------
      Total | 1017586 |  865997 |  46.0 |    1623 |    1013 |  38.4
            +---------+---------+-------+---------+---------+-------
        D:1 |      51 |       7 |  12.1 |      21 |       5 |  19.2
        D:2 |      32 |      94 |  74.6 |      13 |      22 |  62.9
        D:3 |     191 |       2 |   1.0 |      11 |       1 |   8.3
        D:4 |     334 |       0 |   0.0 |       9 |       0 |   0.0
        D:5 |     298 |     100 |  25.1 |       7 |       1 |  12.5
        D:6 |    1064 |     712 |  40.1 |      28 |       6 |  17.6
        D:7 |     327 |     315 |  49.1 |      15 |       4 |  21.1
        D:8 |     362 |     614 |  62.9 |      11 |       2 |  15.4
        D:9 |    2288 |    1909 |  45.5 |      18 |       3 |  14.3
       D:10 |    3527 |    1591 |  31.1 |      22 |       5 |  18.5
       D:11 |    3173 |       0 |   0.0 |      23 |       0 |   0.0
       D:12 |    4310 |       0 |   0.0 |      37 |       0 |   0.0
       D:13 |    5858 |    1297 |  18.1 |      25 |       1 |   3.8
       D:14 |   12671 |    7717 |  37.9 |      37 |      25 |  40.3
       D:15 |    6885 |    6978 |  50.3 |      24 |       7 |  22.6
     Lair:1 |    3118 |    2947 |  48.6 |      17 |       7 |  29.2
     Lair:2 |    3500 |    2928 |  45.6 |      15 |       9 |  37.5
     Lair:3 |    6020 |    1227 |  16.9 |      22 |       4 |  15.4
     Lair:4 |    6639 |    2771 |  29.4 |      25 |      11 |  30.6
     Lair:5 |    6351 |   10227 |  61.7 |      20 |      60 |  75.0
     Lair:6 |    7040 |   11466 |  62.0 |      21 |      45 |  68.2
   Shoals:1 |   13949 |       0 |   0.0 |      25 |       0 |   0.0
   Shoals:2 |   16757 |    4533 |  21.3 |      29 |       5 |  14.7
   Shoals:3 |   14894 |       0 |   0.0 |      26 |       0 |   0.0
   Shoals:4 |   14231 |   17741 |  55.5 |      27 |      29 |  51.8
   Spider:1 |    9342 |       0 |   0.0 |      34 |       0 |   0.0
   Spider:2 |   12276 |       0 |   0.0 |      32 |       0 |   0.0
   Spider:3 |   12110 |    6498 |  34.9 |      29 |       4 |  12.1
   Spider:4 |    9111 |   23276 |  71.9 |      28 |      34 |  54.8
      Orc:1 |    2169 |   10230 |  82.5 |      20 |      69 |  77.5
      Orc:2 |       0 |   18551 | 100.0 |       0 |     118 | 100.0
      Elf:1 |   21375 |   13666 |  39.0 |      33 |      20 |  37.7
      Elf:2 |    6878 |    4416 |  39.1 |      14 |       5 |  26.3
      Elf:3 |   16672 |   59374 |  78.1 |      25 |      40 |  61.5
   Vaults:1 |   31903 |   12305 |  27.8 |      55 |      16 |  22.5
   Vaults:2 |   21218 |   15630 |  42.4 |      31 |      19 |  38.0
   Vaults:3 |   24292 |   37346 |  60.6 |      38 |      53 |  58.2
   Vaults:4 |   40539 |   67415 |  62.4 |      65 |      71 |  52.2
   Vaults:5 |   28426 |  104783 |  78.7 |      38 |      75 |  66.4
    Crypt:1 |   43378 |    3605 |   7.7 |      65 |       4 |   5.8
    Crypt:2 |   29176 |    3285 |  10.1 |      31 |       3 |   8.8
    Crypt:3 |   24676 |   30068 |  54.9 |      41 |      32 |  43.8
   Depths:1 |   27450 |   28945 |  51.3 |      33 |      23 |  41.1
   Depths:2 |   70522 |   30433 |  30.1 |      80 |      29 |  26.6
   Depths:3 |   28006 |   36297 |  56.4 |      42 |      37 |  46.8
   Depths:4 |   13076 |   23301 |  64.1 |      15 |      23 |  60.5
   Depths:5 |   50649 |   20017 |  28.3 |      48 |      15 |  23.8
      Zot:1 |   73965 |       0 |   0.0 |      50 |       0 |   0.0
      Zot:2 |   61728 |   10429 |  14.5 |      41 |       4 |   8.9
      Zot:3 |   31808 |    4924 |  13.4 |      18 |       1 |   5.3
      Zot:4 |   72852 |    2531 |   3.4 |      41 |       2 |   4.7
      Zot:5 |   52588 |  217132 |  80.5 |      22 |      47 |  68.1
    Abyss:1 |   51083 |    6364 |  11.1 |      94 |      17 |  15.3
    Abyss:2 |   16448 |       0 |   0.0 |      32 |       0 |   0.0
            +---------+---------+-------+---------+---------+-------
